 Dungeon Sprint DCSS version 0.32-a0-433-g08bcfe7efd (webtiles) character file.

Game seed: 6456882852898491440

900000 rocky1 the Skinwalker (level 13, -62/79 HPs)
             Began as an Octopode Shapeshifter on Feb 23, 2024.
             Annihilated by a meat berserker
             ... wielding a +9 battleaxe
              (68 damage)
             ... in the Dungeon (Sprint VIII: "Arena of Blood").
             The game lasted 00:00:42 (9 turns).

rocky1 the Skinwalker (Octopode Shapeshifter)          Turns: 9, Time: 00:00:43

Health: -62/79     AC:  1    Str: 17    XL:     13   Next: 75%
Magic:  13/13      EV: 18    Int: 12    God:
Gold:   0          SH:  0    Dex: 13    Spells: 12/12 levels left

rFire   . . .        j - +∞ Axe of Woe
rCold   . . .        (shield currently unavailable)
rNeg    . . .        (helmet currently unavailable)
rPois   .            (no amulet)
rElec   .            (no ring)
rCorr   .            (no ring)
SInv    .            (no ring)
Will    .....        (no ring)
Stlth   ++           (no ring)
HPRegen 0.33/turn    (no ring)
MPRegen 0.13/turn    (no ring)
                     (no ring)

%: no teleportation
@: beast-form
A: beast (slay +4), almost no armour, amphibious, 8 rings, camouflage 1,
gelatinous body 1, (nimble swimmer 1), tentacles
a: Begin Untransformation


You were in the Dungeon.
You were a hulking beast.
You visited 1 branch

Inventory:

Hand Weapons
 j - the +∞ Axe of Woe (weapon)
   (You found it in the Dungeon)
Talismans
 b - a beast talisman (active)
 c - a flux talisman
Scrolls
 i - a scroll of blinking
Potions
 a - a potion of lignification
 d - a potion of curing
 e - a potion of heal wounds
 f - a potion of haste
 g - 2 potions of magic
 h - a potion of berserk rage


   Skills:
 + Level 4.1 Fighting
 + Level 8.6 Axes
 + Level 11.5 Dodging
 + Level 21.8 Unarmed Combat
 + Level 23.1 Shapeshifting


You had 12 spell levels left.
You didn't know any spells.
Your spell library was empty.

Dungeon Overview and Level Annotations

Branches:
Dungeon (1/1)

Altars:
Makhleb


Innate Abilities, Weirdness & Mutations

You are a hulking beast.
Your limbs bulge with bestial killing power. (Slay +4)
You cannot wear most types of armour.
You are amphibious.
You can wear up to eight rings at the same time.
Your skin changes colour to match your surroundings (Stealth+).
Your rubbery body absorbs attacks. (AC +1, EV +1)
((You are camouflaged when in or above water. (Stealth+)))
You have tentacles for arms and can constrict up to eight enemies at once.


Message History

The meat berserker rages.
The bag of meat hits you with a +9 war axe!!!
Ouch! That really hurt!
The bag of meat hits you with a +9 war axe!!
* * * LOW HITPOINT WARNING * * *
Your Axes skill increases to level 6!
Your Dodging skill increases to level 10!
Your Unarmed Combat skill increases to level 19!
Your Shapeshifting skill gained 2 levels and is now at level 21!
Unknown command.
You slash the bag of meat!
You dissect the bag of meat like a pig carcass.
You kill the bag of meat!
You slash the bag of meat!
You hew the bag of meat violently.
You kill the bag of meat!
The meat berserker appears out of thin air!
A meat berserker comes into view. It is wielding a +9 battleaxe.
The meat berserker shouts!
You hear a shout!
A meat berserker comes into view. It is wielding a +9 battleaxe.
Your Fighting skill increases to level 4!
Your Axes skill gained 2 levels and is now at level 8!
Your Dodging skill increases to level 11!
Your Unarmed Combat skill gained 2 levels and is now at level 21!
Your Shapeshifting skill gained 2 levels and is now at level 23!
You have reached level 13!
A bag of meat comes into view. It is wielding a +9 war axe. x3
Items here: )) == †.
Unknown command.
The bag of meat shouts! x3
You slash the bag of meat!
You fatally mangle the bag of meat.
You kill the bag of meat!
You hear a shout! x4
A large bag of meat comes into view. It is wielding a +9 giant spiked club.
A meat berserker comes into view. It is wielding a +9 battleaxe.
The meat berserker rages.
The meat berserker barely misses you.
A bag of meat comes into view. It is wielding a +9 war axe.
The meat berserker hits you with a +9 battleaxe!!!
Ouch! That really hurt!
You die...

.....Oo.......
.............
......oo...o
...........
..........
#.......#
#.......# ..
.###....)ho###...
......###OO......
......_..O......
..#.....#......
#_.<._#..O...
#.....#...O..
....._.........
......###.....O..
.###.. ...###...


You could see a large bag of meat (wandering, inner flame), 6 meat berserkers
and 5 bags of meat.

Vanquished Creatures
  An ogre (D)
  4 orcs (D)
5 creatures vanquished.

Notes
Turn   | Place    | Note
-------+----------+-------------------------------------------
     0 | D        | Found the +∞ Axe of Woe
     0 | D        | rocky1 the Octopode Shapeshifter began the quest for the
                  | Orb.
     0 | D        | Reached XP level 1. HP: 13/13 MP: 1/1
     3 | D        | Noticed a bag of meat
     3 | D        | Noticed a bag of meat
     3 | D        | Noticed a bag of meat
     3 | D        | Noticed a meat berserker
     4 | D        | Noticed a bag of meat
     5 | D        | Killed a meat berserker
     6 | D        | Reached skill level 5 in Axes
     6 | D        | Reached skill level 19 in Shapeshifting
     6 | D        | Reached XP level 2. HP: 21/21 MP: 2/2
     6 | D        | Reached XP level 3. HP: 26/26 MP: 3/3
     6 | D        | Reached XP level 4. HP: 31/31 MP: 4/4
     6 | D        | Reached XP level 5. HP: 36/36 MP: 5/5
     6 | D        | Reached XP level 6. HP: 42/42 MP: 6/6
     6 | D        | Reached XP level 7. HP: 46/46 MP: 7/7
     6 | D        | Reached XP level 8. HP: 52/52 MP: 8/8
     6 | D        | Reached XP level 9. HP: 56/56 MP: 9/9
     6 | D        | Reached XP level 10. HP: 63/63 MP: 10/10
     6 | D        | Reached XP level 11. HP: 67/67 MP: 11/11
     6 | D        | Reached XP level 12. HP: 72/72 MP: 12/12
     6 | D        | Killed a bag of meat
     6 | D        | Noticed a bag of meat
     6 | D        | Noticed a meat berserker
     6 | D        | Noticed a meat berserker
     6 | D        | Noticed a meat berserker
     7 | D        | Reached skill level 10 in Dodging
     7 | D        | Reached skill level 21 in Shapeshifting
     7 | D        | Killed a bag of meat
     7 | D        | Killed a bag of meat
     7 | D        | Noticed a meat berserker
     7 | D        | Noticed a meat berserker
     8 | D        | Reached skill level 23 in Shapeshifting
     8 | D        | Reached XP level 13. HP: 5/79 MP: 13/13
     8 | D        | Noticed a bag of meat
     8 | D        | Noticed a bag of meat
     8 | D        | Noticed a bag of meat
     9 | D        | Killed a bag of meat
     9 | D        | Noticed a large bag of meat
     9 | D        | Noticed a meat berserker
     9 | D        | Noticed a bag of meat
     9 | D        | Annihilated by a meat berserker

Illustrated notes

Levels and vault maps discovered:
D:        meatsprint

Skill      XL: |  1  2  3  4  5  6  7  8  9 10 11 12 |
---------------+-------------------------------------+-----
Fighting       | 3 4 |  4.1
Axes           | 5 8 |  8.6
Dodging        | 9 11 | 11.5
Unarmed Combat | 18 21 | 21.8
Shapeshifting  | 19 23 | 23.1

Action                     |  1- 3 |  4- 6 |  7- 9 | 10-12 | 13-15 || total
---------------------------+-------+-------+-------+-------+-------++-------
  Melee: Executioner's axe |     1 |       |       |     2 |     1 ||     4
 Armour: Skin              |       |       |       |     2 |     1 ||     3
  Dodge: Dodged            |       |       |       |       |     1 ||     1

Table legend: (Time is in decaauts)
 A = Elapsed time spent in this place.
 B = Non-inter-level travel time spent in this place.
 C = Inter-level travel time spent in this place.
 D = Time resting spent in this place.
 E = Time spent auto-exploring this place.
 F = Levels seen in this place.
 G = Mean time per level.
                   A        B        C        D        E       F      G
               +--------+--------+--------+--------+--------+-----+--------+
         Total |     10 |     10 |      0 |      0 |      0 |   1 |   10.0 |
       Dungeon |     10 |     10 |      0 |      0 |      0 |   1 |   10.0 |
               +--------+--------+--------+--------+--------+-----+--------+

Top non-repeatable levels by time:
       D: 10 daAuts
